 Dungeon Crawl Stone Soup version 0.30-a0-782-ge64f9170bb (webtiles) character file.

Game seed: 941811993947316531

135 senseless the Shield-Bearer (level 4, -8/61 HPs)
             Began as a Minotaur Fighter on Feb 25, 2023.
             Was a Follower of Makhleb.
             Mangled by an ogre
             ... wielding a +0 giant club
              (12 damage)
             ... on level 4 of the Dungeon.
             The game lasted 00:07:06 (2247 turns).

senseless the Shield-Bearer (Minotaur Fighter)      Turns: 2247, Time: 00:07:06

Health: -8/61      AC: 22    Str: 21 (23) XL:     4   Next: 96%
Magic:  3/3        EV:  2    Int:  3 (5)  God:    Makhleb [*.....]
Gold:   208        SH: 11    Dex:  8 (9)  Spells: 3/3 levels left

rFire   . . .      SeeInvis .    a - +0 long sword
rCold   . . .      Faith    .    i - +0 tower shield
rNeg    . . .      Spirit   .    (body armour currently unavailable)
rPois   +          Reflect  .    (helmet currently unavailable)
rElec   .          Harm     .    (cloak currently unavailable)
rCorr   .          Rampage  .    (gloves currently unavailable)
Will    .....      NoTele   +    (boots currently unavailable)
Stlth   +                        (no amulet)
HPRegen 0.30/turn                e - ring of poison resistance
MPRegen 0.08/turn                (no ring)

@: tree-form
A: stationary, stasis, torment immunity, boosted hp, (horns 2), (retaliatory
headbutt)
a: Renounce Religion


You were on level 4 of the Dungeon.
You worshipped Makhleb.
Makhleb was aware of your devotion.
You were a tree.
You visited 1 branch of the dungeon, and saw 4 of its levels.

You collected 208 gold pieces.

Inventory:

Hand Weapons
 a - a +0 long sword (weapon)
Armour
 b - a +0 scale mail (melded)
 c - a +0 buckler
 i - a +0 tower shield (worn)
 j - an orb of guile
Jewellery
 e - a ring of poison resistance (left branch)
Potions
 d - 3 potions of might
 f - 3 potions of brilliance
 n - 2 potions of haste
 p - 2 potions of mutation {unknown}
 q - 3 potions of curing {unknown}
 r - 4 potions of attraction {unknown}
 s - a potion of berserk rage {unknown}


   Skills:
 + Level 4.6 Fighting
 + Level 3.8 Long Blades
 + Level 4.6 Armour
 + Level 4.6 Shields


You had 3 spell levels left.
You didn't know any spells.
Your spell library contained the following spells:

 Spells                   Type           Power      Damage    Failure   Level
 Apportation              Tloc           0%         N/A       100%        1
 Necrotise                Necr           0%         1d4       100%        1
 Summon Small Mammal      Summ           0%         N/A       100%        1
 Gell's Gravitas          Tloc           0%         N/A       100%        3
 Kindle Blastsparks       Fire/Tloc/Air  0%         2d10      100%        3
 Teleport Other           Tloc           0%         N/A       100%        3
 Fulminant Prism          Conj/Hex       0%         3d5       100%        4
 Iskenderun's Mystic Bla  Conj/Tloc      0%         2d3       100%        4
 Lee's Rapid Deconstruct  Erth           0%         3d4*      100%        5
 Dispersal                Tloc           0%         N/A       100%        6


Dungeon Overview and Level Annotations

Branches:
Dungeon (4/15)
 Temple: D:4-7

Altars:
Makhleb
Wu Jian


Innate Abilities, Weirdness & Mutations

You are a tree.
Your roots penetrate the ground, keeping you stationary.
You cannot be teleported.
You are immune to unholy pain and torment.
Your maximum health is greatly increased.
Your equipment is partially melded.
((You have a pair of horns on your head.))
((You reflexively headbutt those who attack you in melee.))


Message History

There was something very wrong with that liquid.
You feel weakened.
You feel dopey.
You feel clumsy.
It was a potion of lignification.
You turn into a tree.
Your +0 scale mail melds into your body.
Your roots penetrate the ground.
It was a potion of ambrosia.
You are confused.
You feel invigorated.
An ogre comes into view. It is wielding a +0 giant club.
The ogre shouts!
You cannot move. (Use ctrl+direction or * direction to attack while stationary and confused.)
You swing at nothing.
The hound bites you but does no damage. x2
You barely miss the hound.
You feel less invigorated.
You feel less confused.
The hound bites you but does no damage. x2
A worm comes into view.
You barely miss the hound. The hound bites you but does no damage.
You block the hound's attack. The hound bites you but does no damage.
You closely miss the hound. You block the hound's attack. x2
The ogre hits you with a +0 giant club!
You hit the ogre but do no damage. You block the hound's attack.
The hound bites you but does no damage.
The ogre hits you with a +0 giant club!!
The hound bites you but does no damage.
You slash the ogre!
The ogre is moderately wounded.
You block the hound's attack. The ogre hits you with a +0 giant club!
* * * LOW HITPOINT WARNING * * *
You block the hound's attack.
You slash the ogre!
The ogre is heavily wounded.
You block the hound's attack. The hound bites you but does no damage.
The ogre hits you with a +0 giant club!
* * * LOW HITPOINT WARNING * * *
You closely miss the ogre.
The ogre is heavily wounded.
The hound bites you but does no damage. The hound bites you.
* * * LOW HITPOINT WARNING * * *
The ogre hits you with a +0 giant club!
You die...

. #. #.. #... .
.#...#### ...
........##.....
.......♣O......
........h).....
.........w.....
.........#.....
...............
........##.....
.......>+ . ...
........# ....


You could see an ogre, a worm and a hound.

Vanquished Creatures
  8 adders
  A worm (D:2)
  A dart slug (D:2)
  2 ball pythons
  5 endoplasms
  2 giant cockroaches
  7 hobgoblins
  4 jackals (D:2)
  9 kobolds
  2 quokkas (D:2)
  7 bats
  A frilled lizard (D:1)
  5 goblins
  3 rats
57 creatures vanquished.

Notes
Turn   | Place    | Note
-------+----------+-------------------------------------------
     0 | D:1      | senseless the Minotaur Fighter began the quest for the Orb.
     0 | D:1      | Reached XP level 1. HP: 19/19 MP: 0/0
    74 | D:1      | Reached XP level 2. HP: 20/27 MP: 1/1
   704 | D:2      | Reached XP level 3. HP: 33/33 MP: 2/2
   937 | D:2      | Reached XP level 4. HP: 39/40 MP: 3/3
  1202 | D:2      | Found a faded altar of an unknown god.
  1221 | D:2      | Prayed at the altar of an unknown god.
  1221 | D:2      | Became a worshipper of Makhleb the Destroyer
  1221 | D:2      | Reached * piety under Makhleb
  2106 | D:3      | Found an ornate altar of the Wu Jian Council.
  2238 | D:4      | Noticed an ogre
  2247 | D:4      | Mangled by an ogre

Illustrated notes

Levels and vault maps discovered:
D:1:      dpeg_arrival_tiny_a, layout_basic, wad_floor_pattern_2
D:2:      kennysheep_six_static_rooms, layout_basic,
          hellmonk_ecumenical_altar_pennies_from_heaven, minmay_misc_feat_chi
D:3:      minmay_razor_zed, layout_basic, nzn_wu_jian_council_hall,
          serial_park_tiny_pond, minmay_door_square, kennysheep_generic_room_11
D:4:      layout_basic, lemuel_temple_firewalk_b, uniq_edmund, uniq_natasha

Skill      XL: |  1  2 |
---------------+-------+-----
Shields        | 4 |  4.6
Armour         | 4 |  4.6
Fighting       | 4 |  4.6
Long Blades    | 3 |  3.8

Action                     |  1- 3 |  4- 6 || total
---------------------------+-------+-------++-------
  Melee: Long sword        |    92 |    73 ||   165
         Headbutt          |    12 |     7 ||    19
    Use: Scroll            |       |     8 ||     8
         Potion            |       |     3 ||     3
 Armour: Scale mail        |    54 |    30 ||    84
         Skin              |       |    10 ||    10
  Dodge: Dodged            |    42 |    40 ||    82
  Block: Buckler           |    15 |    10 ||    25
         Tower shield      |       |     7 ||     7

Table legend: (Time is in decaauts)
 A = Elapsed time spent in this place.
 B = Non-inter-level travel time spent in this place.
 C = Inter-level travel time spent in this place.
 D = Time resting spent in this place.
 E = Time spent auto-exploring this place.
 F = Levels seen in this place.
 G = Mean time per level.
                   A        B        C        D        E       F      G
               +--------+--------+--------+--------+--------+-----+--------+
         Total |   2296 |   2247 |     49 |     35 |   1756 |   4 |  574.0 |
       Dungeon |   2296 |   2247 |     49 |     35 |   1756 |   4 |  574.0 |
               +--------+--------+--------+--------+--------+-----+--------+

Top non-repeatable levels by time:
     D:2: 847 daAuts
     D:3: 816 daAuts
     D:1: 616 daAuts
     D:4: 16 daAuts
